 Dungeon Crawl Stone Soup version 0.28.0-45-g0d030f2227 (webtiles) character file.

Game seed: 14634622747524224508

4 Icepheonix32 the Caller (level 1, 0/13 HPs)
             Began as a Merfolk Summoner on Apr 12, 2022.
             Slain by a jackal (2 damage)
             ... on level 1 of the Dungeon.
             The game lasted 00:00:12 (132 turns).

Icepheonix32 the Caller (Merfolk Summoner)           Turns: 132, Time: 00:00:13

Health: 0/13       AC:  2    Str:  8    XL:     1   Next: 60%
Magic:  2/3        EV: 12    Int: 14    God:
Gold:   15         SH:  0    Dex: 14    Spells: 3/4 levels left

rFire   . . .      SeeInvis .   (no weapon)
rCold   . . .      Faith    .   (no shield)
rNeg    . . .      Spirit   .   a - +0 robe
rPois   .          Reflect  .   (no helmet)
rElec   .          Harm     .   (no cloak)
rCorr   .          Rampage  .   (no gloves)
Will    .....                   (no boots)
Stlth   ++........              (no amulet)
HPRegen 0.04/turn               (no ring)
MPRegen 0.08/turn               (no ring)

@: no status effects
A: (nimble swimmer 2), mertail
a: no special abilities


You were on level 1 of the Dungeon.
You visited 1 branch of the dungeon, and saw 1 of its levels.

You collected 15 gold pieces.

Inventory:

Armour
 a - a +0 robe (worn)
Scrolls
 c - a scroll of enchant armour {unknown}
Potions
 b - a potion of brilliance {unknown}


   Skills:
 - Level 2.6 Dodging
 - Level 2.1 Stealth
 - Level 2.0 Spellcasting
 + Level 4.2 Summonings


You had 3 spell levels left.
You knew the following spells:

 Your Spells              Type           Power      Damage    Failure   Level
a - Summon Small Mammal   Summ           52%        N/A       4%          1

Your spell library contained the following spells:

 Spells                   Type           Power      Damage    Failure   Level
 Call Imp                 Summ           13%        N/A       6%          2
 Call Canine Familiar     Summ           13%        N/A       13%         3
 Summon Guardian Golem    Hex/Summ       7%         N/A       30%         3
 Summon Lightning Spire   Summ/Air       7%         N/A       69%         4


Dungeon Overview and Level Annotations

Branches:
Dungeon (1/15)

Altars:


Innate Abilities, Weirdness & Mutations

((You are very nimble when in or above water. (Stealth+, EV+, Speed+++)))
Your lower body shifts to a powerful aquatic tail in water.


Message History

The jackal barely misses you.
Your rat bites the jackal.
The jackal dies!
No target in view!
No target in view!
A jackal comes into view.
You see here a jackal corpse.
The jackal barks!
The jackal bites you but does no damage.
You hit the jackal but do no damage. The jackal bites you.
You barely miss the jackal. The jackal bites you.
You hit the jackal but do no damage. The jackal bites you.
Your rat barely misses the jackal.
The jackal bites you.
Your rat barely misses the jackal.
You hit the jackal but do no damage.
Your rat bites the jackal but does no damage.
The jackal completely misses you.
Your rat misses the jackal. You closely miss the jackal.
The jackal closely misses you.
Your rat barely misses the jackal.
Your rat bites the jackal but does no damage.
The jackal bites you.
You closely miss the jackal. Your rat misses the jackal.
The jackal closely misses you.
Your rat bites the jackal.
You closely miss the jackal.
The jackal is moderately wounded.
Your rat closely misses the jackal.
The jackal barely misses you.
Your rat bites the jackal.
You hit the jackal but do no damage.
The jackal is heavily wounded.
The jackal bites you but does no damage.
Your rat bites the jackal.
The jackal misses your rat.
Your rat misses the jackal. You hit the jackal but do no damage.
The jackal is almost dead.
Your rat misses the jackal. The jackal bites you.
* * * LOW HITPOINT WARNING * * *
Your rat completely misses the jackal.
You hit the jackal but do no damage.
The jackal is almost dead.
The jackal bites you.
You die...

.# .# ..# .# .# #..# .#
.# #..# .# .########..#
.# ...........# .#
#####†...#.######.#
#####...........rr#
................@h###.
.######.....†...........
####.######.###... #.#
.# # #.# .# #.# .# #.#
.. #.# .. #.#


You could see a jackal (ally target) and 2 friendly rats.

Vanquished Creatures
  A hobgoblin (D:1)
1 creature vanquished.

Vanquished Creatures (collateral kills)
  An endoplasm (D:1)
  A jackal (D:1)
2 creatures vanquished.

Grand Total: 3 creatures vanquished

Notes
Turn   | Place    | Note
-------+----------+-------------------------------------------
     0 | D:1      | Icepheonix32 the Merfolk Summoner began the quest for the
                  | Orb.
     0 | D:1      | Reached XP level 1. HP: 13/13 MP: 3/3
   132 | D:1      | Slain by a jackal

Illustrated notes

Levels and vault maps discovered:
D:1:      dpeg_arrival_shelter, layout_loops_ring

Action                   || total
-------------------------++-------
Melee: Unarmed           ||    22
 Cast: Summon Small Mamm ||     4
Armor: Robe              ||     2
Dodge: Dodged            ||    13
